 Dungeon Crawl Stone Soup version 0.21.1-1-g345015fe64 (webtiles) character file.

204 JamesBald the Chopper (level 6, 0/48 HPs)
             Began as a Human Berserker on July 11, 2018.
             Was a Believer of Trog.
             Slain by a gnoll
             ... wielding a +3 halberd of venom
              (10 damage)
             ... on level 3 of the Dungeon.
             The game lasted 00:10:23 (2351 turns).

JamesBald the Chopper (Human Berserker)             Turns: 2351, Time: 00:10:28

Health: 0/48       AC: 13    Str: 20    XL:     6   Next: 9%
Magic:  6/6        EV:  6    Int:  7    God:    Trog [**....]
Gold:   115        SH:  0    Dex: 12    Spells: 5/5 levels left

rFire    . . .     SeeInvis .   a - +1 hand axe
rCold    . . .     Gourm    .   (no shield)
rNeg     . . .     Faith    .   j - +0 plate armour
rPois    .         Spirit   .   (no helmet)
rElec    .         Reflect  .   t - +0 cloak
rCorr    .         Harm     .   n - +0 pair of gloves
MR       .....                  (no boots)
Stlth    ..........             (no amulet)
HPRegen  0.16/turn              e - ring of wizardry
MPRegen  0.10/turn              (no ring)

@: lethally poisoned (0 -> -18)
A: no striking features
a: Berserk, Trog's Hand, Burn Spellbooks, Renounce Religion


You were on level 3 of the Dungeon.
You worshipped Trog.
Trog was pleased with you.
You were not hungry.

You visited 1 branch of the dungeon, and saw 3 of its levels.

You collected 115 gold pieces.

Inventory:

Hand Weapons
 a - a +1 hand axe (weapon)
Armour
 j - a +0 plate armour (worn)
 n - a +0 pair of gloves (worn)
 t - a +0 cloak (worn)
Jewellery
 e - a ring of wizardry (left hand)
Wands
 w - a wand of polymorph (8)
Scrolls
 d - 5 scrolls of identify
 f - a scroll of teleportation {unknown}
 h - 2 scrolls of enchant weapon
 k - a scroll of amnesia {unknown}
 m - a scroll of remove curse {unknown}
 r - a scroll of fear
 u - a scroll of enchant armour {unknown}
Potions
 b - a potion of brilliance
 g - a potion of haste {unknown}
 i - a potion of heal wounds
 l - a potion of flight {unknown}
 o - a potion of resistance {unknown}
 p - a potion of magic {unknown}
 q - a potion of curing {unknown}
 s - 2 potions of degeneration {unknown}
 v - 2 potions of invisibility {unknown}
Comestibles
 c - 3 rations


   Skills:
 + Level 3.9 Fighting
 + Level 5.2 Axes
 + Level 2.5 Armour
 + Level 2.5 Dodging


You had 5 spell levels left.
You didn't know any spells.

Dungeon Overview and Level Annotations

Branches:
Dungeon (3/15)

Altars:
Fedhas
Nemelex Xobeh
The Shining One


Message History

You feel sick. The gnoll closely misses you.
The gnoll hits you with a halberd of venom!
You are lethally poisoned!
You see here a gnoll corpse.
You slash the gnoll!
The gnoll is severely wounded.
You hit the gnoll but do no damage.
You feel sick. The gnoll hits you.
You hit the gnoll.
The gnoll is severely wounded.
You barely miss the gnoll.
* * * LOW HITPOINT WARNING * * *
You feel sick. The gnoll barely misses you. The gnoll hits you.
* * * LOW HITPOINT WARNING * * *
You hit the gnoll.
The gnoll is almost dead.
You hit the gnoll.
* * * LOW HITPOINT WARNING * * *
You feel sick.
The gnoll hits you with a halberd of venom!
You die...

#...........#
#.#...#######
#.#...#
#.#...#
#.##..#
#.##..# #
#.....#.##
####.#...###
#@g......
#g#...###
#g##.## .#.
## # #


You could see 3 gnolls.

Vanquished Creatures
  A crimson imp (D:2)
  Jessica (D:3)
  Terence (D:2)
  A gnoll (D:3)
  3 adders (D:2)
  4 worms
  A leopard gecko (D:3)
  3 ball pythons
  11 bats
  5 giant cockroaches
  8 goblins
  10 hobgoblins
  6 jackals
  A quokka (D:3)
  5 frilled lizards
  5 kobolds
  4 rats
  A fungus (D:3)
71 creatures vanquished.

Notes
Turn   | Place    | Note
-------+----------+-------------------------------------------
     0 | D:1      | JamesBald the Human Berserker began the quest for the Orb.
     0 | D:1      | Reached XP level 1. HP: 18/18 MP: 1/1
   129 | D:1      | Reached XP level 2. HP: 17/24 MP: 2/2
   308 | D:1      | Found a glowing golden altar of the Shining One.
   601 | D:1      | Reached XP level 3. HP: 29/29 MP: 3/3
   895 | D:2      | Reached ** piety under Trog
   922 | D:2      | Reached XP level 4. HP: 24/36 MP: 4/4
  1019 | D:2      | Found a sparkling altar of Nemelex Xobeh.
  1259 | D:2      | Reached skill level 4 in Axes
  1259 | D:2      | Reached XP level 5. HP: 32/42 MP: 5/5
  1325 | D:2      | Noticed Terence
  1342 | D:2      | Killed Terence
  2151 | D:3      | Found a blossoming altar of Fedhas.
  2192 | D:3      | Noticed Jessica
  2200 | D:3      | Killed Jessica
  2200 | D:3      | Reached skill level 5 in Axes
  2200 | D:3      | Reached XP level 6. HP: 47/48 MP: 6/6
  2351 | D:3      | Slain by a gnoll

Skill      XL: |  1  2  3  4  5 |
---------------+----------------+-----
Axes           | 4 5 |  5.2
Fighting       | |  3.9
Armour         | |  2.5
Dodging        | |  2.5

Action                   |  1- 3 |  4- 6 || total
-------------------------+-------+-------++-------
Melee: Hand axe          |    90 |   214 ||   304
Invok: Berserk           |       |     1 ||     1
  Use: Potion            |       |     1 ||     1
       Scroll            |       |     4 ||     4
  Eat: Ration            |       |     2 ||     2
Armor: Animal skin       |    12 |       ||    12
       Plate armour      |    71 |   199 ||   270
Dodge: Dodged            |    63 |    91 ||   154
